Workbook

Sheet Pizzateig
A1: Rezept Pizzateig
A3: Weizenmehl 550er | B3: 1
A4: Wasser | B4: 0.54
A5: Hefe | B5: 0.042
A6: Salz | B6: 0.02
A7: Zucker | B7: 0.02
A8: Olivenöl | B8: 0.05
A9: gesamt: | B9: =SUM(B3:B8) -> 1.672

Sheet Tomatensoße
A1: Rezept Tomatensoße
D2: =Bedarf!B6+1 -> 15 | E2: Faktor
C3: je 40x60-Blech | D3: einzukaufen | F3: Rezept
A4: Gehackte Tomaten | B4: 0.4 | C4: =B4*B$16 -> 0.2428115 | D4: =SUM(C4*D2) -> 3.6421725 | F4: =C4*D2 -> 3.6421725
A5: Tomatenmark | B5: 0.14 | C5: =B5*B$16 -> 0.084984026 | D5: =SUM(C5*D2) -> 1.2747604 | F5: =C5*D2 -> 1.2747604
A6: Olivenöl | B6: 0.03 | C6: =B6*B$16 -> 0.018210863 | F6: =C6*D2*1000 -> 273.16294
A7: Knoblauchzehen | B7: 0.015 | C7: =B7*B$16 -> 0.0091054313 | F7: =C7*D2*1000 -> 136.58147
A8: Oregano | B8: 0.005 | C8: =B8*B$16 -> 0.0030351438 | F8: =C8*D2*1000 -> 45.527157
A9: Paprika edelsüß | B9: 0.003 | C9: =B9*B$16 -> 0.0018210863 | F9: =C9*D2*1000 -> 27.316294
A10: Zucker | B10: 0.015 | C10: =B10*B$16 -> 0.0091054313 | F10: =C10*D2*1000 -> 136.58147
A11: Salz | B11: 0.015 | C11: =B11*B$16 -> 0.0091054313 | F11: =C11*D2*1000 -> 136.58147
A12: Pfeffer | B12: 0.003 | C12: =B12*B$16 -> 0.0018210863 | F12: =C12*D2*1000 -> 27.316294
A13: Gesamt: | B13: =SUM(B4:B12) -> 0.626 | C13: =SUM(C4:C12) -> 0.38
A15: Je 40x60-Blech | B15: 0.38 | C15: (gewünscht)
A16: vom Grundrezept | B16: =(B15/B13) -> 0.60702875

Sheet Käsemischung
A1: Käsemischung
A2: Je Blech | B2: 0.5 | D2: =Bedarf!B6+1 -> 15 | E2: Faktor
A4: Gouda | B4: =SUM(B2*0.75) -> 0.375 | C4: (75 %) | D4: =(B4*D2)+5% -> 5.675 | E4: einschl. Rindenverschnitt
A5: Emmentaler | B5: =SUM(B2*0.25) -> 0.125 | C5: (25 %) | D5: =B5*D2 -> 1.875

Sheet Einkaufsliste
A1: Einkaufsliste (Bedarf) | B1: Faktor | C1: =Bedarf!B6+1 -> 15
A3: Pizzapappen 11x17 | B3: =C1*Bedarf!B7+10 -> 250 | C3: 10 Reserve
A4: Servietten (aro) | B4: =C1*Bedarf!B7+10 -> 250 | C4: 10 Reserve
A5: Trennspray | B5: 1
A6: 550er Weizenmehl | B6: =C1 -> 15
A7: Frischhefe | B7: =C1-1 -> 14
A8: Gouda | B8: =Käsemischung!D4 -> 5.675 | C8: 5 % Rindenverschnitt
A9: Emmentaler | B9: =Käsemischung!D5 -> 1.875
A10: Reinert Sportsalami | B10: =(Bedarf!B22*Bedarf!B4)+5% -> 1.33 | C10: 5% Reserve
A11: Gehackte Tomatensoße | B11: =Tomatensoße!D4 -> 3.6421725
A12: Tomatenmark | B12: =Tomatensoße!D5 -> 1.2747604
A13: Tomatenpaprika | B13: =(Bedarf!B23*Bedarf!B4) -> 2.24 | C13: Abtropfgewicht
A14: Mais aus der Dose | B14: =(Bedarf!B29*Bedarf!B5) -> 0.9 | C14: Abtropfgewicht
A15: Paprika frisch, bunt | B15: =(Bedarf!B26*Bedarf!B5)+15% -> 1.53 | C15: Einschl. Abfall
A16: Brokkoli | B16: =(Bedarf!B28*Bedarf!B5)+35% -> 1.79 | C16: Einschl. Strunk
A17: Champignons | B17: =(Bedarf!B27*Bedarf!B5)+3% -> 0.63 | C17: Einschl. Abfall
A18: Rote Zwiebeln | B18: =(Bedarf!B30*Bedarf!B5)+6% -> 0.42 | C18: Einschl. Abfall
A19: Knoblauch frisch | B19: 1
A20: Olivenöl | B20: =(Pizzateig!B8+Tomatensoße!C6)*1000*Bedarf!B6 -> 954.95208
A21: Pfeffer | B21: =Tomatensoße!C12+0.002*Bedarf!B6+0.02 -> 0.049821086
A22: Salz | B22: =Pizzateig!B6+Tomatensoße!C11*Bedarf!B6 -> 0.14747604
A23: Zucker | B23: =Pizzateig!B7+Tomatensoße!C10*Bedarf!B6 -> 0.14747604
A24: Oregano | B24: =Tomatensoße!C8+0.003*Bedarf!B6+0.02 -> 0.065035144
A25: Paprika edelsüß | B25: =Tomatensoße!C9*Bedarf!B6 -> 0.025495208

Sheet Bedarf
A1: Weihnachtsmarkt Pizzabacken
C3: Salami | D3: vegetarisch
A4: Anzahl Pizza Salami: | B4: 8
A5: Anzahl Pizza vegetarisch: | B5: 6
A6: Anzahl Bleche gesamt: | B6: =SUM(B4:B5) -> 14
A7: Stücke je Blech: | B7: 16
A8: Stücke Pizza | B8: =B6*B7 -> 224 | C8: =B4*B7 -> 128 | D8: =B5*B7 -> 96
A10: Zutaten allgem. | B10: je Blech | C10: gesamt
A11: Pizzateig | B11: =Pizzateig!B9 -> 1.672 | C11: =B6*B11 -> 23.408
A12: Frischhefe | B12: 0.042 | C12: =B6*B12 -> 0.588
A13: Pfeffer | B13: 0.01 | C13: =B6*B13 -> 0.14
A14: Gouda | B14: =Käsemischung!B4 -> 0.375 | C14: =Käsemischung!B4*B6 -> 5.25
A15: Emmentaler | B15: =Käsemischung!B5 -> 0.125 | C15: =Käsemischung!B5*B6 -> 1.75
A16: Oregano | B16: 0.005 | C16: =B6*B16 -> 0.07
A17: Tomatensoße | B17: =Tomatensoße!B15 -> 0.38 | C17: =B6*B17 -> 5.32
A18: –> Gehackte Tomatensoße
A21: Zutaten je Salami-Blech:
A22: Sommerwurst (Salami) | B22: 0.16 | C22: =B4*B22 -> 1.28
A23: Tomatenpaprika | B23: 0.28 | C23: =B4*B23 -> 2.24
A25: Zutaten je Veg.-Blech:
A26: Paprika frisch, bunt | B26: 0.23 | C26: =$B$5*B26 -> 1.38
A27: Champignons | B27: 0.1 | C27: =$B$5*B27 -> 0.6
A28: Brokkoli | B28: 0.24 | C28: =$B$5*B28 -> 1.44
A29: Mais | B29: 0.15 | C29: =$B$5*B29 -> 0.9
A30: Rote Zwiebeln | B30: 0.06 | C30: =$B$5*B30 -> 0.36
A32: Zutaten aufgeschlüsselt:
A33: Olivenöl | B33: =(Pizzateig!B8+Tomatensoße!C6)*1000 -> 68.210863 | C33: =(Pizzateig!B8+Tomatensoße!C6)*1000*Bedarf!B6 -> 954.95208
A34: Pfeffer | B34: =Tomatensoße!C12+0.002 -> 0.0038210863 | C34: =Tomatensoße!C12+0.002*Bedarf!B6 -> 0.029821086
A35: Salz | B35: =Pizzateig!B6+Tomatensoße!C11 -> 0.029105431 | C35: =Pizzateig!B6+Tomatensoße!C11*Bedarf!B6 -> 0.14747604
A36: Zucker | B36: =Pizzateig!B7+Tomatensoße!C10 -> 0.029105431 | C36: =Pizzateig!B7+Tomatensoße!C10*Bedarf!B6 -> 0.14747604
A37: Oregano | B37: =Tomatensoße!C8+0.003 -> 0.0060351438 | C37: =Tomatensoße!C8+0.003*Bedarf!B6 -> 0.045035144
A38: Paprika edelsüß | B38: =Tomatensoße!C9 -> 0.0018210863 | C38: =Tomatensoße!C9*Bedarf!B6 -> 0.025495208
A39: Brokkoli x2 | D39: wg. Strünken
A40: Knoblauch frisch

Sheet Einkaufskalkulation
A1: Einkaufsübersicht
A3: Preise 2025:
B4: Summe | C4: Inhalt | D4: E-Preis | E4: je Salamipizza | F4: je Veg.-Pizza
A5: Energie (Holz) | B5: 0 | E5: =B5/Bedarf!B8 -> 0 | F5: =B5/Bedarf!B8 -> 0
A6: Pizzapappen 11x17 | B6: 9.151 | C6: 250 | D6: =B6/C6 -> 0.036604 | E6: =B6/C6 -> 0.036604 | F6: =B6/C6 -> 0.036604
A7: Servietten (aro) | B7: 4.99 | C7: 500 | D7: =B7/C7 -> 0.00998 | E7: =B7/C7 -> 0.00998 | F7: =B7/C7 -> 0.00998
A8: Trennspray | B8: 9.51 | D8: =B8/5 -> 1.902 | E8: =D8/Bedarf!B8 -> 0.0084910714 | F8: =D8/Bedarf!B8 -> 0.0084910714
A9: 550er Weizenmehl (1) | B9: 10.46 | E9: =B9/Bedarf!$B$8 -> 0.046696429 | F9: =B9/Bedarf!$B$8 -> 0.046696429
A10: Frischhefe | B10: 2.73 | C10: 15 | D10: =B10/C10 -> 0.182 | E10: =B10/Bedarf!$B$8 -> 0.0121875 | F10: =B10/Bedarf!$B$8 -> 0.0121875
A11: Gouda (2) | B11: 73.47 | E11: =B11/Bedarf!$B$8 -> 0.32799107 | F11: =B11/Bedarf!$B$8 -> 0.32799107
A12: Emmentaler | B12: 10.87 | E12: =B12/Bedarf!$B$8 -> 0.048526786 | F12: =B12/Bedarf!$B$8 -> 0.048526786
A13: Reinert Sportsalami | B13: 25.78 | E13: =B13/Bedarf!$C$8 -> 0.20140625
A14: Gehackte Tomatensoße | B14: 6.944 | E14: =B14/Bedarf!$B$8 -> 0.031 | F14: =B14/Bedarf!$B$8 -> 0.031
A15: Tomatenmark-Konzentrat | B15: 4.01 | E15: =B15/Bedarf!$B$8 -> 0.017901786 | F15: =B15/Bedarf!$B$8 -> 0.017901786
A16: Tomatenpaprika | B16: 12.82 | E16: =B16/Bedarf!$C$8 -> 0.10015625
A17: Mais aus der Dose | B17: 2.55 | F17: =B17/Bedarf!$D$8 -> 0.0265625
A18: Paprika frisch, bunt | B18: 5.77 | F18: =B18/Bedarf!$D$8 -> 0.060104167
A19: Brokkoli | B19: 3.8 | F19: =B19/Bedarf!$D$8 -> 0.039583333
A20: Champignons | B20: 3.98 | F20: =B20/Bedarf!$D$8 -> 0.041458333
A21: Rote Zwiebeln | B21: 0.99 | F21: =B21/Bedarf!$D$8 -> 0.0103125
A22: Knoblauch frisch | B22: 1.19 | E22: =B22/Bedarf!$B$8 -> 0.0053125 | F22: =B22/Bedarf!$B$8 -> 0.0053125
A23: Olivenöl | B23: 7.27 | C23: 1000 | E23: =B23/C23*Bedarf!$C33/Bedarf!$B$8 -> 0.030993311 | F23: =B23/C23*Bedarf!$C33/Bedarf!$B$8 -> 0.030993311
A24: Pfeffer | B24: 0 | C24: 0.5 | E24: =B24/C24*Bedarf!$C34/Bedarf!$B$8 -> 0 | F24: =B24/C24*Bedarf!$C34/Bedarf!$B$8 -> 0
A25: Salz | B25: 0 | C25: 0.5 | E25: =B25/C25*Bedarf!$C35/Bedarf!$B$8 -> 0 | F25: =B25/C25*Bedarf!$C35/Bedarf!$B$8 -> 0
A26: Zucker | B26: 0 | C26: 1 | E26: =B26/C26*Bedarf!$C36/Bedarf!$B$8 -> 0 | F26: =B26/C26*Bedarf!$C36/Bedarf!$B$8 -> 0
A27: Oregano | B27: 4.27 | C27: 0.165 | E27: =B27/C27*Bedarf!$C37/Bedarf!$B$8 -> 0.0052029238 | F27: =B27/C27*Bedarf!$C37/Bedarf!$B$8 -> 0.0052029238
A28: Paprika edelsüß | B28: 0 | C28: 1.1 | E28: =B28/C28*Bedarf!$C38/Bedarf!$B$8 -> 0 | F28: =B28/C28*Bedarf!$C38/Bedarf!$B$8 -> 0
A29: Summe jeweils: | B29: =SUM(B5:B28) -> 200.555 | E29: =SUM(E5:E28) -> 0.88244988 | F29: =SUM(F5:F28) -> 0.75890821
A32: (1) zuzüglich 1 kg zum Rezeptbedarf, 25 kg gekauft, 10 kg herausgerechnet
A33: (2) zuzüglich 500 g Rindenverschnitt
A35: Zur Kalkulation vorab: | B35: theoretisch
A36: Verkaufspreis je Stück 10x15 | B36: 3
A37: Verkaufseinnahmen: | B37: =Bedarf!B8*Einkaufskalkulation!B36 -> 672
A38: Kosten Gesamt | B38: =B29 -> 200.555
A40: Gewinn theoretisch: | B40: =B37-B38 -> 471.445
A42: In Kasse übergeben:
A43: Einnahmen abzüglich "Schwund" (verbrannt, hingefallen…)
A45: Auslagen von Anne und Jochen: | C45: =SUM(B5:B28) -> 200.555

Sheet Abrechnung
A1: Abrechnung 2025
A2: Weihnachtsmarkt-Pizza Bürgergemeinschaft Wülferode
A4: Kalkulierte Menge:
C5: Salami | D5: vegetarisch
A6: Anzahl Bleche gesamt: | B6: =Bedarf!B6 -> 14 | C6: =Bedarf!B4 -> 8 | D6: =Bedarf!B5 -> 6
A7: Stücke je Blech: | B7: =Bedarf!B7 -> 16
A8: Stücke Pizza | B8: =Bedarf!B8 -> 224 | C8: =Bedarf!C8 -> 128 | D8: =Bedarf!D8 -> 96
A9: Real verkaufte Stücke: | B9: 224
A10: Nicht berechnete Stücke: | B10: 0
B11: =B20/B17 -> 216
A12: Stückpreis 10x15 rechnerisch
A13: Pizza Salami | B13: =Einkaufskalkulation!E29 -> 0.88244988
A14: Pizza vegetarisch | B14: =Einkaufskalkulation!F29 -> 0.75890821
A15: Stückpreis im Durchschnitt | B15: =(B13+B14)/2 -> 0.82067904
A17: Verkaufspreis je Stück 10x15 | B17: =Einkaufskalkulation!B36 -> 3
A18: Reingewinn je Stück | B18: =B17-B15 -> 2.179321 | C18: entspr. | D18: =B18/B15 -> 2.6555094 | E18: Gewinn / Stück
A20: Verkaufseinnahmen | B20: 648
A22: Ausgaben Einkauf | B22: =Einkaufskalkulation!B29 -> 200.555 | C22: (Jochen)
A23: Herausgerechnete Überschüsse* | B23: 0
B24: =B22-B23 -> 200.555 | C24: (bekommt Jochen erstattet)
A25: Zwischensumme: | B25: =B20-B24 -> 447.445
A26: Auslagen Backhausbestand | B26: 0 | C26: (an Backhauskasse geben)
A27: Summe Einnahmen: | B27: =B25+B26 -> 447.445 | C27: (an Bürgergemeinschaft übergeben)
A29: *Reste, die Webers wieder mit nach Hause genommen haben (überschlagen / gerundet)
